 Dungeon Crawl Stone Soup version 0.27-a0-1555-g0e7b3fb1d2 (webtiles) character file.

Game seed: 720575640023446669

2535 Mitsuki the Thaumaturge (level 9, 0/64 HPs)
             Began as a Djinni Fire Elementalist on July 13, 2021.
             Was a Follower of Makhleb.
             Slain by Harold (18 damage)
             ... on level 7 of the Dungeon on July 15, 2021.
             The game lasted 00:22:32 (7359 turns).

Mitsuki the Thaumaturge (Djinni Fire Elementalist)  Turns: 7359, Time: 00:22:33

Health: 0/64       AC:  5    Str:  7    XL:     9   Next: 85%
Gold:   365        EV:  7    Int: 20    God:    Makhleb [*.....] SH:  0 Dex: 14

rFire    + + .     SeeInvis .   v - staff of death
rCold    . . .     Faith    .   (no shield)
rNeg     + . .     Spirit   .   w - +2 robe {Will+}
rPois    ∞         Reflect  .   (no helmet)
rElec    .         Harm     .   (no cloak)
rCorr    .         Rampage  .   r - +0 pair of gloves
Will     ++...                  (boots unavailable)
Stlth    ++........             p - amulet of regeneration
HPRegen  1.20/turn              n - ring of protection from cold
MPRegen  0.00/turn              x - ring of willpower

@: flying, held
A: sickness immunity, fire resistance 2, cold vulnerability 1, float, innate
caster, hp casting, extra vitality 1
a: Renounce Religion


You were on level 7 of the Dungeon.
You worshipped Makhleb.
Makhleb was aware of your devotion.
You visited 2 branches of the dungeon, and saw 8 of its levels.

You collected 365 gold pieces.

Inventory:

Hand Weapons
 k - a +1 hand axe of freezing
Armour
 g - a +1 robe of cold resistance
 r - a +0 pair of gloves (worn)
 w - a +2 robe of willpower (worn)
Magical Staves
 v - a staff of death (weapon)
Jewellery
 n - a ring of protection from cold (left hand)
 p - an amulet of regeneration (around neck)
 x - a ring of willpower (right hand)
 y - a ring of resist corrosion
Scrolls
 b - a scroll of enchant armour {unknown}
 c - 4 scrolls of identify {unknown}
 e - a scroll of brand weapon {unknown}
 f - 3 scrolls of noise {unknown}
 h - 2 scrolls of acquirement {unknown}
 j - 2 scrolls of silence {unknown}
 l - a scroll of fear {unknown}
 m - a scroll of magic mapping {unknown}
 s - a scroll of vulnerability {unknown}
 t - a scroll of enchant weapon {unknown}
 u - a scroll of teleportation {unknown}
 B - a scroll of fog {unknown}
Potions
 a - a potion of curing
 d - 4 potions of flight {unknown}
 i - a potion of degeneration {unknown}
 o - a potion of cancellation {unknown}
 q - 2 potions of heal wounds {unknown}
 z - a potion of attraction {unknown}


   Skills:
 + Level 4.8 Fighting
 + Level 1.9 Armour
 + Level 5.9 Dodging
 - Level 1.5 Stealth
 * Level 8.2 Spellcasting


You couldn't memorise any spells.
You knew the following spells:

 Your Spells              Type           Power      Damage    Failure   Level
a - Foxfire               Conj/Fire      100%       2x1d9     1%          1
b - Conjure Flame         Conj/Fire      41%        6-21      1%          3
c - Inner Flame           Hex/Fire       41%        N/A       1%          3
d - Sticky Flame          Conj/Fire      41%        2d6       2%          4
e - Fireball              Conj/Fire      20%        3d10      8%          5
f - Pain                  Necr           100%       1d9       1%          1
g - Passwall              Tmut/Erth      34%        N/A       1%          2
h - Corpse Rot            Necr/Air       N/A        N/A       1%          2
i - Iskenderun's Mystic   Conj/Tloc      41%        2d9       2%          4
Your spell library was empty.

Dungeon Overview and Level Annotations

Branches:
Dungeon (7/15)             Temple (1/1) D:5

Altars:
Ashenzari
Cheibriados
Dithmenos
Elyvilon
Fedhas
Gozag
Hepliaklqana
Kikubaaqudgha
Makhleb
Nemelex Xobeh
Okawaru
Qazlal
Ru
Sif Muna
Trog
Uskayaw
Vehumet
Wu Jian
Xom
Yredelemnul
Zin
The Shining One

Shops:
D:3 *

Annotations:
D:7 Harold


Innate Abilities, Weirdness & Mutations

You are immune to sickness and miasma.
You are immune to poison.
Your flesh is very heat resistant. (rF++)
You are vulnerable to cold. (rC-)
You float through the air rather than walking.
You learn spells naturally, not from books.
Your magical power is your life essence.
You have superior vitality. (+4 HP)


Message History

You are yanked forward by the harpoon shot.
You take 21 damage, and have 43/64 hp.
MASSIVE DAMAGE!!
Casting: Foxfire (safe; 1% risk of failure)
Confirm with . or Enter, or press ? or * to list all spells.
Okay, then.
You aren't carrying any items that you can evoke.
Unknown command.
Okay, then.
Unknown command.
Casting: Foxfire (safe; 1% risk of failure)
Confirm with . or Enter, or press ? or * to list all spells.
You conjure some foxfire!
Harold hits you with a +0 halberd!!
* * * LOW HITPOINT WARNING * * *
You take 26 damage, and have 17/64 hp.
MASSIVE DAMAGE!!
The foxfire hits Harold!
Harold is lightly wounded.
The foxfire hits Harold but does no damage.
Harold is lightly wounded.
Harold hits you from afar with a +0 halberd.
* * * LOW HITPOINT WARNING * * *
You take 3 damage, and have 14/64 hp.
Harold throws a throwing net.
The throwing net barely misses you.
Harold throws a throwing net.
The throwing net hits you.
You become entangled in the net!
You see here a throwing net.
You struggle against the net.
Casting: Foxfire (safe; 1% risk of failure)
Confirm with . or Enter, or press ? or * to list all spells.
You conjure some foxfire!
* * * LOW HITPOINT WARNING * * *
Casting: Foxfire (safe; 1% risk of failure)
Confirm with . or Enter, or press ? or * to list all spells.
You conjure some foxfire!
* * * LOW HITPOINT WARNING * * *
The foxfire hits Harold.
Harold is lightly wounded.
The foxfire hits Harold.
Harold is lightly wounded.
Harold hits you from afar with a +0 halberd!!
You die...

#.....# ########
##.##.######......#
###..#.........####.#
###<...#..######## #.#
#........## ...# #.#
#........##.####.####.#
#.....###......(......#
........ .#.#..§v######
#.#####.# # #.#§@# #.
.# # #v.# #. . #.@# #.
. #..# .............#
###.......##.#
###....... ###......
###......


You could see Harold (ally target).

Vanquished Creatures
  Maggie (D:6)
  Sigmund (D:6)
  A wraith (D:6)
  Eustachio (D:6)
  3 yaks (D:6)
  A sky beast (D:6)
  2 ogres
  A kobold brigand (D:6)
  A bullfrog (D:6)
  2 scorpions
  A wyvern skeleton (D:6)
  3 bullfrog skeletons
  2 hounds
  A centaur zombie (D:6)
  4 orc priests
  A gnoll shaman (D:6)
  A jelly (D:6)
  A centaur skeleton (D:6)
  An iguana (D:6)
  3 orc wizards
  2 hound zombies
  2 hound skeletons (D:4)
  2 howler monkey zombies
  5 gnolls (D:6)
  10 adders
  3 worms
  2 dart slugs (D:1)
  22 orcs
  6 bats
  6 endoplasms
  6 giant cockroaches
  9 goblins
  5 hobgoblins
  11 jackals
  2 quokkas (D:1)
  7 ball pythons
  13 frilled lizards
  8 kobolds
  4 rats
157 creatures vanquished.

Vanquished Creatures (others)
  649 foxfires
  5 plants (D:2)
654 creatures vanquished.

Grand Total: 811 creatures vanquished

Notes
Turn   | Place    | Note
-------+----------+-------------------------------------------
     0 | D:1      | Mitsuki the Djinni Fire Elementalist began the quest for
                  | the Orb.
     0 | D:1      | Reached XP level 1. HP: 15/15 MP: 0/0
   552 | D:1      | Reached XP level 2. HP: 19/21 MP: 0/0
   938 | D:1      | Reached skill level 3 in Spellcasting
  1127 | D:1      | Found a faded altar of an unknown god.
  1337 | D:1      | Reached XP level 3. HP: 24/25 MP: 0/0
  1337 | D:1      | Learned a level 1 spell: Pain
  2401 | D:2      | Reached XP level 4. HP: 29/31 MP: 0/0
  3062 | D:3      | Found Zin's Purification Station.
  3062 | D:3      | Found a glowing silver altar of Zin.
  3097 | D:3      | Reached skill level 4 in Spellcasting
  3389 | D:3      | Reached XP level 5. HP: 26/35 MP: 0/0
  3389 | D:3      | Learned a level 2 spell: Passwall
  3507 | D:3      | Found a hide-covered altar of Uskayaw.
  4049 | D:3      | Found an ornate altar of the Wu Jian Council.
  4049 | D:3      | Found a bloodstained altar of Trog.
  4049 | D:3      | Found a snail-covered altar of Cheibriados.
  4050 | D:3      | Found a blossoming altar of Fedhas.
  4840 | D:3      | Reached XP level 6. HP: 31/40 MP: 0/0
  5055 | D:4      | Reached skill level 5 in Spellcasting
  5087 | D:4      | You are sucked into a shaft and drop 1 floor!
  5087 | D:5      | Entered Level 5 of the Dungeon
  5422 | D:4      | Reached XP level 7. HP: 45/45 MP: 0/0
  5422 | D:4      | Learned a level 2 spell: Corpse Rot
  5709 | D:5      | Upgraded the game from 0.27-a0-1545-g3eddc1d3d3 to
                  | 0.27-a0-1555-g0e7b3fb1d2
  5718 | D:5      | Reached skill level 6 in Spellcasting
  5720 | D:5      | Found a staircase to the Ecumenical Temple.
  5742 | Temple   | Entered the Ecumenical Temple
  5920 | Temple   | Became a worshipper of Makhleb the Destroyer
  6133 | D:5      | Reached skill level 1 in Fighting
  6386 | D:6      | Reached XP level 8. HP: 53/53 MP: 0/0
  6478 | D:6      | Reached * piety under Makhleb
  6563 | D:6      | Noticed Sigmund
  6570 | D:6      | Killed Sigmund
  6571 | D:6      | Reached skill level 7 in Spellcasting
  6651 | D:6      | Noticed Maggie
  6675 | D:6      | Killed Maggie
  6676 | D:6      | Reached XP level 9. HP: 41/61 MP: 0/0
  6676 | D:6      | Learned a level 4 spell: Iskenderun's Mystic Blast
  6721 | D:6      | Reached skill level 5 in Dodging
  6862 | D:6      | Reached skill level 8 in Spellcasting
  6888 | D:6      | Reached skill level 1 in Armour
  7064 | D:6      | Noticed Eustachio
  7081 | D:6      | Killed Eustachio
  7352 | D:7      | Noticed Harold
  7359 | D:7      | Slain by Harold

Illustrated notes

Levels and vault maps discovered:
D:1:      nzn_arrival_depleted_hourglass, layout_loops_corners,
          chequers_ecumenical_altar_grove, skrybe_limestone_x
D:2:      layout_loops_ring, minmay_lizard_king
D:3:      minmay_bubble_buster, layout_basic, zin_purify,
          chequers_temple_overflow_statue_of_worship,
          eat_drink_and_be_merry_uskayaw
D:4:      layout_rooms
D:5:      layout_basic, minmay_temple_entry_large_hall
D:6:      layout_basic, chequers_mini_garden, uniq_maggie, uniq_eustachio,
          uniq_sigmund
D:7:      minmay_the_grid_triangle_9x9_recursive_2
          [minmay_the_grid_triangle_9x9_prize_top_heavy,
          minmay_the_grid_triangle_9x9_flanged_cone,
          minmay_the_grid_triangle_9x9_descending_squares,
          minmay_the_grid_triangle_9x9_warning], layout_basic, serial_shops,
          nicolae_diamond_shop, minmay_misc_feat_ornament,
          serial_bayou_crossing, uniq_harold
Temple:   eino_temple_scatter_basement

Skill      XL: |  1  2  3  4  5  6  7  8  9 |
---------------+----------------------------+-----
Spellcasting   | 3 4 5 6 7 8 |  8.2
Fighting       | 1 3 4 |  4.8
Dodging        | 3 4 5 |  5.9
Armour         | 1 |  1.9
Stealth        | |  1.5

Action                   |  1- 3 |  4- 6 |  7- 9 || total
-------------------------+-------+-------+-------++-------
Melee: Hand axe          |       |    34 |     2 ||    36
       Staff             |       |       |    12 ||    12
 Cast: Foxfire           |    62 |   126 |   207 ||   395
       Pain              |    12 |     4 |     5 ||    21
       Corpse Rot        |       |       |     3 ||     3
  Use: Potion            |       |     1 |       ||     1
Armor: Robe              |     3 |    24 |    10 ||    37
Dodge: Dodged            |    11 |    73 |    42 ||   126

Table legend: (Time is in decaauts)
 A = Elapsed time spent in this place.
 B = Non-inter-level travel time spent in this place.
 C = Inter-level travel time spent in this place.
 D = Time resting spent in this place.
 E = Time spent auto-exploring this place.
 F = Levels seen in this place.
 G = Mean time per level.
                   A        B        C        D        E       F      G
               +--------+--------+--------+--------+--------+-----+--------+
         Total |   7384 |   7148 |    236 |     40 |   6091 |   8 |  923.0 |
       Dungeon |   7187 |   6969 |    218 |     40 |   5928 |   7 | 1026.7 |
        Temple |    196 |    178 |     18 |      0 |    163 |   1 |  196.0 |
               +--------+--------+--------+--------+--------+-----+--------+

Top non-repeatable levels by time:
     D:1: 1854 daAuts
     D:3: 1726 daAuts
     D:2: 1426 daAuts
     D:6: 957 daAuts
     D:4: 604 daAuts
     D:5: 579 daAuts
  Temple: 196 daAuts
     D:7: 39 daAuts
